 Dungeon Crawl Stone Soup version 0.20-a0-850-ge5a7832 (webtiles) character file.

8668 FrankyJ the Fighter (level 11, -4/117 HPs)
             Began as a Troll Monk on Mar 9, 2017.
             Was the Champion of the Shining One.
             Slain by a death yak (12 damage)
             ... on level 10 of the Dungeon.
             The game lasted 00:35:09 (9677 turns).

FrankyJ the Fighter (Troll Monk)                    Turns: 9677, Time: 00:35:10

Health: -4/117     AC:  6    Str: 21    XL:     11   Next: 12%
Magic:  0/16       EV: 15    Int: 11    God:    the Shining One [******]
Gold:   574        SH:  9    Dex: 15    Spells: 8/10 levels left

rFire    . . .     SeeInvis .     - Unarmed
rCold    . . .     Gourm    +   a - +1 robe
rNeg     + + +     Faith    .   (no shield)
rPois    +         Spirit   +   (helmet restricted)
rElec    .         Reflect  .   (no cloak)
rCorr    .         Harm     .   (gloves unavailable)
MR       .....                  (boots unavailable)
Stlth    +.........             m - amulet of guardian spirit
Regen    0.7/turn               p - ring of poison resistance
MPRegen  0.2/turn               c - +5 ring of intelligence

@: divine shield, glowing
A: unfitting armour, claws 3, fast metabolism 3, gourmand, regeneration 1,
shaggy fur 1, tough skin 2
a: Divine Shield, Cleansing Flame, Summon Divine Warrior, Brand Weapon With Holy
Wrath, Renounce Religion


You were on level 10 of the Dungeon.
You worshipped the Shining One.
The Shining One was exalted by your worship.
You were very full.

You visited 2 branches of the dungeon, and saw 12 of its levels.
You also visited: Ossuary.

You collected 574 gold pieces.

Inventory:

Hand Weapons
 F - a +0 blowgun
 M - a cursed -3 mace
 U - a +6 giant spiked club
Missiles
 f - 4 throwing nets (quivered)
 l - 2 tomahawks of returning
 J - 27 poisoned needles
 K - 4 tomahawks
Armour
 a - a +1 robe (worn)
Magical Staves
 u - an uncursed staff of earth
Jewellery
 c - a +5 ring of intelligence (left claw)
 m - an amulet of guardian spirit (around neck)
 p - a ring of poison resistance (right claw)
 y - an uncursed ring of flight {unknown}
 P - an uncursed amulet of faith {unknown}
Wands
 C - a wand of polymorph (14/24)
 N - a wand of polymorph (14/24)
 S - a wand of digging (12/24)
Scrolls
 h - 3 scrolls of amnesia {unknown}
 i - 8 scrolls of identify
 j - 3 scrolls of fog {unknown}
 o - 7 scrolls of teleportation {unknown}
 q - a scroll of holy word {unknown}
 t - 4 scrolls of immolation
 v - a scroll of blinking {unknown}
 w - 2 scrolls of magic mapping {unknown}
 x - 3 scrolls of enchant armour
 z - 3 scrolls of noise
 D - 2 scrolls of recharging
 G - 2 scrolls of remove curse
 I - 3 scrolls of enchant weapon
 L - a scroll of acquirement {unknown}
Potions
 g - a potion of haste {unknown}
 k - a potion of agility {unknown}
 n - 7 potions of curing
 r - a potion of mutation {unknown}
 s - a potion of degeneration {unknown}
 A - 4 potions of brilliance {unknown}
 B - 3 potions of lignification {unknown}
 E - 2 potions of flight {unknown}
 V - a potion of ambrosia {unknown}
Books
 H - a book of Minor Magic

   Spells                             Type                      Level
   a - Magic Dart                     Conjuration                  1
   b - Blink                          Translocation                2
   c - Call Imp                       Summoning                    2
   d - Slow                           Hexes                        2
   e - Conjure Flame                  Conjuration/Fire             3
   f - Mephitic Cloud                 Conjuration/Poison/Air       3
 Q - a book of Burglary

   Spells                             Type                      Level
   a - Swiftness                      Charms/Air                   2
   b - Passwall                       Transmutation/Earth          2
   c - Passage of Golubria            Translocation                4
   d - Lee's Rapid Deconstruction     Earth                        5
   e - Darkness                       Hexes                        6
   f - Invisibility                   Hexes                        6
Comestibles
 b - 14 bread rations
 d - 3 meat rations
 O - a fruit
 R - 2 royal jellies
 T - 7 chunks of flesh


   Skills:
 + Level 9.6 Fighting
 - Level 8.1 Dodging
 - Level 1.0 Stealth
 - Level 3.0 Unarmed Combat
 - Level 9.0 Invocations


You had 8 spell levels left.
You knew the following spells:

 Your Spells              Type           Power        Failure   Level  Hunger
a - Blink                 Tloc           N/A          56%         2    ###....


Dungeon Overview and Level Annotations

Branches:
Dungeon (11/15)            Temple (1/1) D:4            Lair (0/6) D:10
    Orc (0/2) D:9

Altars:
Ashenzari
Cheibriados
Dithmenos
Elyvilon
Fedhas
Gozag
Hepliaklqana
Kikubaaqudgha
Makhleb
Nemelex Xobeh
Okawaru
Qazlal
Ru
Sif Muna
Trog
Uskayaw
Vehumet
Wu Jian
Xom
Yredelemnul
Zin
The Shining One


Innate Abilities, Weirdness & Mutations

You are too large for most types of armour.
You have claws for hands.
Your metabolism is lightning-fast.
You like to eat raw meat.
Your natural rate of healing is unusually fast.
You are covered in fur. (AC +1)
You have very tough skin. (AC +2)


Message History

A yak comes into view.
There is a stone staircase leading down here.
As you read the scroll labeled UQUNUDES XYAM, it crumbles to dust.
It is a scroll of enchant weapon.
Your +5 giant spiked club glows red for a moment.
The yak bellows!
You block the adder's attack. You block the death yak's attack.
A yak comes into view.
As you read the scroll labeled LOUTTO AFAV, it crumbles to dust.
It is a scroll of recharging.
Charge which item? (? for menu, Esc to quit)
Your wand of digging (?/24) glows for a moment.
The yak bellows!
You block the adder's attack. The death yak gores you!!
* * * LOW HITPOINT WARNING * * *
The adder completely misses you.
As you read the scroll labeled MIELEMIUBY, it crumbles to dust.
You feel blessed for a moment.
It was a scroll of remove curse.
The death yak gores you!
You die...

############
#############...........
#..........##...........
#..........#..YS@.......#
#..........#.Y.YY.......#
#..........#............#
+..........Y(>..........#
#...........#.).........#
#.........).#...........#
#...#...Y...#..(........#
#..........##...........+
#........####.[>........#


You could see 3 death yaks, 2 yaks and an adder (inner flame).

Vanquished Creatures
  Erolcha (D:10)
  The ghost of daryashkoh the Spear-Bearer, a novice MfGl of Zin (D:8)
  An unseen horror (D:10)
  The ghost of NictusVictus the Covert, a novice OpAs (D:4)
  2 hippogriffs
  Eustachio (D:4)
  A spriggan (D:7)
  A water moccasin (D:8)
  8 orc warriors
  3 sky beasts
  3 black bears
  2 phantoms
  7 ogres
  3 necrophages (D:7)
  5 centaurs
  A big kobold (D:7)
  6 bullfrogs
  A wyvern zombie (D:7)
  3 water moccasin zombies (Ossuary)
  7 scorpions
  9 wights
  3 electric eels (D:9)
  6 howler monkeys
  A centaur zombie (D:5)
  7 orc wizards
  4 bullfrog skeletons
  4 hounds
  7 orc priests
  Ijyb (D:3)
  5 iguanas
  5 worker ants
  3 big kobold zombies (Ossuary)
  A hound skeleton (D:8)
  3 mummies
  2 worker ant zombies (D:8)
  A howler monkey zombie (D:9)
  13 adders
  8 gnolls
  A howler monkey skeleton (D:6)
  2 shadow imps
  An ooze (D:6)
  2 adder skeletons
  5 adder zombies
  A dart slug (D:2)
  7 leopard geckos
  51 orcs
  A ball python (D:1)
  4 bats
  5 giant cockroaches
  8 goblins
  7 hobgoblins
  4 jackals (D:8)
  6 quokkas
  A frilled lizard (D:3)
  2 gnoll zombies (Ossuary)
  4 hobgoblin zombies (Ossuary)
  2 jackal skeletons
  14 kobolds
  7 kobold zombies (Ossuary)
  4 orc zombies (Ossuary)
  A quokka skeleton (D:9)
  A quokka zombie (D:6)
  A rat (D:2)
  A rat zombie (D:6)
284 creatures vanquished.

Vanquished Creatures (others)
  An orc (D:6)
1 creature vanquished.

Grand Total: 285 creatures vanquished

Notes
Turn   | Place    | Note
-------+----------+-------------------------------------------
     0 | D:1      | FrankyJ the Troll Monk began the quest for the Orb.
     0 | D:1      | Reached XP level 1. HP: 22/22 MP: 0/0
   163 | D:1      | Reached XP level 2. HP: 29/29 MP: 1/1
   540 | D:1      | Reached XP level 3. HP: 34/36 MP: 2/2
  1109 | D:2      | Reached XP level 4. HP: 45/45 MP: 3/3
  1344 | D:2      | Found a faded altar of an unknown god.
  1808 | D:3      | Noticed Ijyb
  1821 | D:3      | Killed Ijyb
  2324 | D:4      | Found a staircase to the Ecumenical Temple.
  2326 | D:4      | Noticed an ogre
  2340 | D:4      | Killed an ogre
  2340 | D:4      | Reached XP level 5. HP: 54/54 MP: 4/4
  2407 | Temple   | Entered the Ecumenical Temple
  2650 | Temple   | Became a worshipper of the Shining One
  2650 | Temple   | Reached * piety under the Shining One
  2650 | Temple   | Reached ** piety under the Shining One
  2732 | D:4      | Noticed Eustachio
  2746 | D:4      | Killed Eustachio
  2746 | D:4      | Reached XP level 6. HP: 47/63 MP: 3/5
  2893 | D:4      | Noticed NictusVictus's ghost (novice OpAs)
  2903 | D:4      | Killed NictusVictus's ghost
  2903 | D:4      | Reached skill level 5 in Fighting
  2903 | D:4      | Reached skill level 5 in Dodging
  2903 | D:4      | Reached XP level 7. HP: 71/72 MP: 6/6
  3227 | D:5      | Entered Level 5 of the Dungeon
  3464 | D:5      | Reached XP level 8. HP: 83/83 MP: 7/7
  3888 | D:5      | HP: 3/84 [orc warrior/long sword (11)]
  4108 | D:6      | Found a sacrificial altar of Ru.
  4129 | D:6      | Reached *** piety under the Shining One
  4165 | D:6      | Found a sand-covered staircase.
  4172 | Ossuary  | Entered an ossuary
  4234 | Ossuary  | Reached XP level 9. HP: 93/93 MP: 8/8
  4243 | Ossuary  | Reached **** piety under the Shining One
  4565 | D:6      | Reached ***** piety under the Shining One
  5210 | D:6      | Learned a level 2 spell: Blink
  5234 | D:6      | Reached skill level 1 in Invocations
  5631 | D:7      | Found a hazy altar of Hepliaklqana.
  5724 | D:7      | Reached skill level 5 in Invocations
  5991 | D:7      | Reached XP level 10. HP: 104/104 MP: 13/13
  6398 | D:8      | Noticed daryashkoh's ghost (novice MfGl)
  7256 | D:8      | Killed daryashkoh's ghost
  7656 | D:8      | Found a blossoming altar of Fedhas.
  7926 | D:8      | Found a burning altar of Makhleb.
  7955 | D:8      | Found a deep blue altar of Sif Muna.
  8403 | D:9      | Reached ****** piety under the Shining One
  8816 | D:9      | Found a staircase to the Orcish Mines.
  9278 | D:10     | Entered Level 10 of the Dungeon
  9341 | D:10     | Noticed an unseen horror
  9364 | D:10     | Killed an unseen horror
  9364 | D:10     | Reached XP level 11. HP: 85/115 MP: 11/16
  9480 | D:10     | Noticed Erolcha
  9500 | D:10     | Killed Erolcha
  9628 | D:10     | Found a staircase to the Lair.
  9630 | D:10     | Noticed a death yak
  9630 | D:10     | Noticed a death yak
  9631 | D:10     | Noticed a death yak
  9677 | D:10     | Slain by a death yak

Vault maps used:
D:1:      dpeg_arrival_arbitrary_c, minivault_23
D:2:      chequers_ecumenical_altar_grove, minmay_pentomino_r4
D:3:      uniq_iyjb
D:4:      minmay_temple_entry_statues_pillars, first_bread, uniq_eustachio
D:6:      kb_forest_paths, enter_ossuary_4, basic_altar, serial_bayou_crossing
D:7:      marbit_many_paths, serial_undead, serial_undead_c, serial_undead_c,
          serial_undead_d, serial_undead_c, the_bakery
D:8:      kennysheep_mini_moat, old_standard_altar, makhleb_heckhound_becter
D:9:      david_orc_4
D:10:     dpeg_lair_monsters, uniq_erolcha
Temple:   hc_temple_tempest_star
Ossuary:  ossuary_tomb_2

Skill      XL: |  1  2  3  4  5  6  7  8  9 10 |
---------------+-------------------------------+-----
Dodging        | 3 4 5 6 7 8 |  8.1
Fighting       | 3 4 5 7 8 9 |  9.6
Invocations    | 5 9 |  9.0
Stealth        | |  1.0
Unarmed Combat | |  3.0

Action                   |  1- 3 |  4- 6 |  7- 9 | 10-12 || total
-------------------------+-------+-------+-------+-------++-------
Melee: Unarmed           |    75 |    90 |   431 |   412 ||  1008
       Punch             |       |       |    11 |     8 ||    19
       Giant spiked club |       |       |       |     6 ||     6
 Fire: Blowgun           |       |       |       |     2 ||     2
Invok: Divine Shield     |       |       |       |     1 ||     1
  Use: Scroll            |       |     2 |       |     7 ||     9
       Potion            |       |       |     1 |     5 ||     6
 Stab: Sleeping          |     2 |       |       |       ||     2
  Eat: Chunk             |    16 |    13 |    32 |    34 ||    95
Armor: Robe              |    14 |    18 |    83 |    71 ||   186
Dodge: Dodged            |    35 |    43 |   279 |   318 ||   675
Block: Other             |       |       |       |    14 ||    14
